 Dungeon Crawl Stone Soup version 0.17-a0-1554-g3b847ca (webtiles) character file.

7 Gorice the Shooter (level 2, 0/25 HPs)
             Began as a Tengu Wanderer on July 19, 2015.
             Slain by a bat (1 damage)
             ... on level 1 of the Dungeon.
             The game lasted 00:02:20 (199 turns).

Gorice the Shooter (Tengu Wanderer)                  Turns: 199, Time: 00:02:20

Health: 0/25       AC: 21    Str: 11    XL:     2   Next: 0%
Magic:  3/3        EV:  2    Int: 12    God:
Gold:   0          SH:  0    Dex: 14    Spells: 0 memorised, 1 level left

rFire  . . .     SeeInvis .     a - +0 dagger
rCold  . . .     Clarity  .     (armour currently unavailable)
rNeg   + + +     SustAt   .     (no shield)
rPois  +         Gourm    .     (helmet currently unavailable)
rElec  .         Spirit   .     (cloak currently unavailable)
rCorr  .         Warding  .     (gloves currently unavailable)
rMut   .         NoTele   +     (boots unavailable)
MR     .....                    (no amulet)
Stlth  +.........               (no ring)
                                (no ring)

@: tree-form, not resistant to hostile enchantments, very unstealthy
A: (beak), (talons 0)
a: no special abilities


You were on level 1 of the Dungeon.
You were not hungry.
You were a tree.
You visited 1 branch of the dungeon, and saw 1 of its levels.

Inventory:

Hand weapons
 a - a +0 dagger (weapon)
 g - a +0 mace
 j - a +0 hand axe
Armour
 d - a +0 robe (melded)
Magical devices
 e - a wand of frost (15)
Scrolls
 h - a scroll of random uselessness {unknown}
Potions
 k - a potion of degeneration {unknown}
Books
 b - Otysmojar's Handbook of Venom

   Spells                             Type                      Level
   a - Sting                          Conjuration/Poison           1
   b - Spider Form                    Transmutation/Poison         3
Comestibles
 f - a bread ration {!e}
 i - 3 chunks of flesh


   Skills:
 + Level 2.0 Fighting
   Level 3.2 Bows
 - Level 1.1 Armour
   Level 1.0 Shields
   Level 1.5 Charms
   Level 1.2 Summonings
 - Level 1.0 Evocations


You had one spell level left.
You didn't know any spells.

Dungeon Overview and Level Annotations

Branches:
Dungeon (1/15)

Altars:


Innate Abilities, Weirdness & Mutations

((You have a beak for a mouth.))
((You have claws for feet.))


Message History

The bat hits you.
* * * LOW HITPOINT WARNING * * *
Damage: 2 (max 3) Unknown command.
The bat hits you.
* * * LOW HITPOINT WARNING * * *
Damage: 1 (max 3) Drink which item? (? for menu, Esc to quit)
Okay, then.
The bat hits you but does no damage. The bat hits you.
* * * LOW HITPOINT WARNING * * *
Damage: 1 (max 3)
The bat closely misses you.
There is a stone staircase leading down here.
The bat closely misses you. The bat closely misses you. The bat hits you.
* * * LOW HITPOINT WARNING * * *
Damage: 1 (max 3)
The bat barely misses you.
Unknown command.
The bat barely misses you. The bat misses you. The bat closely misses you.
Drink which item? (? for menu, Esc to quit)
Really quaff
c - a potion of lignification {!q}?
You turn into a tree.
Your +0 robe melds into your body.
Your roots penetrate the ground.
The bat hits you but does no damage. The bat hits you but does no damage.
You hit the bat.
The bat is heavily wounded.
The bat hits you but does no damage. x2
You barely miss the bat.
The bat is heavily wounded.
The bat hits you but does no damage.
You hit the bat.
The bat is almost dead.
The bat hits you but does no damage. x2
The bat hits you but does no damage. The bat hits you.
* * * LOW HITPOINT WARNING * * *
Damage: 1 (max 3)
The bat barely misses you. The bat hits you but does no damage.
You closely miss the bat.
The bat is severely wounded.
The bat hits you but does no damage. x2
You barely miss the bat.
The bat is severely wounded.
The bat hits you.
You die...

#..###########.# ######.#####.
#..............# #..K.........
#..############# #.####.#####.
####..# #.##.......#.
......######## ####.##.......#.
####..........####.....K.......#.
#.....>.....#.........>g.g.......
#.###.#.###.######.##.##.......#.
#.# #...# #.....♣bs...##.......#K
#.# ###.###.######g#..##.......#.
#.# #.......# #.#..##.###.###.
#.# #######.# #.#.....# #.....
#.# #.# #.#.###.###.###. #.# #.#
#.#..K.....## #. #.# #.#
#.#.######## #. #.# #.#.# #. #.#
#.# #.


You could see a giant cockroach, a goblin and a bat.

Vanquished Creatures
  3 jackals (D:1)
  A ball python (D:1)
  2 bats (D:1)
6 creatures vanquished.

Notes
Turn   | Place    | Note
--------------------------------------------------------------
     0 | D:1      | Gorice the Tengu Wanderer began the quest for the Orb.
     0 | D:1      | Gorice set off with: a wand of frost (15), Otysmojar's Handbook of Venom, a potion of lignification {!q}, a +0 robe, a +0 dagger, a bread ration {!e}
     0 | D:1      | Reached XP level 1. HP: 12/12 MP: 2/2
     0 | D:1      | Identified Otysmojar's Handbook of Venom
   147 | D:1      | Reached skill level 2 in Fighting
   147 | D:1      | Reached XP level 2. HP: 8/17 MP: 3/3
   180 | D:1      | HP: 5/17 [bat (1)]
   183 | D:1      | HP: 2/17 [bat (1)]
   196 | D:1      | HP: 1/25 [bat (1)]
   199 | D:1      | Slain by a bat

Vault maps used:
D:1:      lemuel_arrival_cross, due_unseen_surprise

Action                   || total
-------------------------++-------
Melee: Dagger            ||    28
  Use: Potion            ||     1

Table legend:
 A = Turns spent in this place as a percentage of turns spent in the entire game.
 B = Non-inter-level travel turns spent in this place as a percentage of non-inter-level travel turns spent in the entire game.
 C = Inter-level travel turns spent in this place as a percentage of turns spent in this place.
 D = Turns resting spent in this place as a percentage of non-inter-level travel turns spent in this place.
 E = Turns spent auto-exploring this place as a percentage of non-inter-level travel turns spent in this place.
 F = Non-inter-level travel turns spent in this place divided by the number of levels of this place that you've seen.
                   A       B       C       D       E      F
               +-------+-------+-------+-------+-------+----------------------
         Total | 100.0 | 100.0 |   0.0 |   0.0 |   5.0 | 121.0
       Dungeon | 100.0 | 100.0 |   0.0 |   0.0 |   5.0 | 121.0
               +-------+-------+-------+-------+-------+----------------------

Vault maps used:
D:1:      lemuel_arrival_cross, due_unseen_surprise
